 Dungeon Crawl Stone Soup version 0.21.1-1-g345015f (webtiles) character file.

2002 troglodite the Covered (level 9, -1/69 HPs)
             Began as a Demonspawn Berserker on Mar 7, 2018.
             Was a Priest of Trog.
             Slain by a sixfirhy (9 damage)
             ... summoned by a kobold demonologist
             ... on level 6 of the Dungeon.
             The game lasted 00:15:26 (4376 turns).

troglodite the Covered (Demonspawn Berserker)       Turns: 4376, Time: 00:15:27

Health: -1/69      AC: 17    Str: 17    XL:     9   Next: 2%
Magic:  9/9        EV:  7    Int: 10    God:    Trog [***...]
Gold:   218        SH:  0    Dex: 15    Spells: 8/8 levels left

rFire    . . .     SeeInvis .   a - +0 falchion
rCold    . . .     Gourm    .   (no shield)
rNeg     . . .     Faith    .   g - +0 plate armour
rPois    .         Spirit   .   d - +0 helmet
rElec    .         Reflect  .   (no cloak)
rCorr    +         Harm     .   h - +0 pair of gloves
MR       .....                  (no boots)
Stlth    ..........             (no amulet)
HPRegen  0.21/turn              o - ring of resist corrosion
MPRegen  0.11/turn              l - ring of flight

@: no status effects
A: claws 2, thin metallic scales 1, spiny 1
a: Berserk, Trog's Hand, Burn Spellbooks, Renounce Religion, Evoke Flight


You were on level 6 of the Dungeon.
You worshipped Trog.
Trog was most pleased with you.
You were very hungry.

You visited 1 branch of the dungeon, and saw 6 of its levels.

You collected 218 gold pieces.

Inventory:

Hand Weapons
 a - a +0 falchion (weapon)
Armour
 d - a +0 helmet (worn)
 g - a +0 plate armour (worn)
 h - a +0 pair of gloves (worn)
Jewellery
 l - a ring of flight (right hand)
 o - a ring of resist corrosion (left hand)
Scrolls
 e - a scroll of blinking {unknown}
 f - 3 scrolls of identify
 i - a scroll of enchant weapon {unknown}
 j - 2 scrolls of magic mapping {unknown}
 k - a scroll of enchant armour {unknown}
 n - 2 scrolls of teleportation
 r - a scroll of fear {unknown}
 x - 2 scrolls of amnesia {unknown}
Potions
 b - a potion of curing
 m - a potion of heal wounds
 p - a potion of mutation {unknown}
 s - a potion of invisibility {unknown}
 t - a potion of resistance {unknown}
 u - a potion of cancellation {unknown}
 z - a potion of magic {unknown}
Comestibles
 c - 13 rations
 q - 12 chunks of flesh


   Skills:
 * Level 6.2 Fighting
 + Level 6.2 Long Blades
 * Level 6.6 Armour
 * Level 4.5 Dodging
 + Level 0.4 Stealth


You had 8 spell levels left.
You didn't know any spells.

Dungeon Overview and Level Annotations

Branches:
Dungeon (6/15)
 Temple: D:4-7

Altars:
Fedhas
Qazlal
The Shining One

Shops:
D:4 %


Innate Abilities, Weirdness & Mutations

You have very sharp fingernails.
You are partially covered in thin metallic scales. (AC +2)
You are partially covered in sharp spines.


Message History

The sixfirhy is struck by your spines.
The sixfirhy hits you but does no damage.
The sixfirhy is struck by your spines. The sixfirhy barely misses you.
You riposte.
You closely miss the sixfirhy.
The sixfirhy is heavily wounded.
The sixfirhy is struck by your spines.
The sixfirhy hits you but does no damage. x2
The sixfirhy is struck by your spines.
The sixfirhy hits you but does no damage. x2
The sixfirhy hits you but does no damage.
The sixfirhy is struck by your spines.
The sixfirhy hits you but does no damage.
There is a stone staircase leading down here.
The worker ant zombie waves its antennae.
The sixfirhy hits you but does no damage.
The sixfirhy hits you but does no damage.
The sixfirhy hits you.
* * * LOW HITPOINT WARNING * * *
The sixfirhy shocks you!
You die...

.# ......35(3.(.##..# ..# #.# 5#
.....#.5o##.##(.##..# .. #.# .#
)⌠..⌠ #)# #.##.(##..# . #..
o##(.... # #.).##..##.. #.# Z#?(#
#...##..# .. #.# .#(## ####..##..
#.# .### .. ..# #.#
.##############################.#
..........oZ.>.3@...............#
#..###########.#.#.#..##.########
...# #.....#.#...#..##.# # ...#
#.###.###.#....##.#######
#.######.###.....#.#...........#
..............#..#.##.......##.#
#..#####.##.#.#.##.###.######
#..# #......#.##.# #.# ##.#
####.###.##.# #.#


You could see a sixfirhy, an orc and a worker ant zombie.

Vanquished Creatures
  Pikel (D:4)
  A cyclops (D:6)
  The ghost of inc the Scratcher, an amateur FeMo (D:4)
  A phantom (D:6)
  An ogre (D:6)
  A centaur (D:6)
  3 bullfrogs (D:6)
  A scorpion (D:4)
  A bullfrog zombie (D:5)
  2 hounds (D:4)
  An orc wizard (D:6)
  A bullfrog skeleton (D:4)
  Terence (D:3)
  An iguana (D:4)
  2 worker ants
  A killer bee zombie (D:5)
  A howler monkey zombie (D:6)
  Robin (D:3)
  7 gnolls
  6 adders
  A shadow imp (D:6)
  3 worms
  5 leopard geckos
  2 orcs
  4 giant cockroaches
  10 hobgoblins
  9 jackals
  7 kobolds
  2 quokkas (D:2)
  A ball python (D:2)
  6 bats
  9 frilled lizards
  7 goblins
  A jackal skeleton (D:6)
  A leopard gecko zombie (D:5)
  8 rats
111 creatures vanquished.

Vanquished Creatures (others)
  A slave (D:4)
  An orc priest (D:4)
  3 orcs (D:4)
  3 jackals (D:4)
  A quokka (D:4)
9 creatures vanquished.

Grand Total: 120 creatures vanquished

Notes
Turn   | Place    | Note
-------+----------+-------------------------------------------
     0 | D:1      | troglodite the Demonspawn Berserker began the quest for the Orb.
     0 | D:1      | Reached XP level 1. HP: 18/18 MP: 1/1
   454 | D:1      | Gained mutation: You are partially covered in thin metallic scales. (AC +2) [demonic ancestry]
   454 | D:1      | Reached XP level 2. HP: 24/24 MP: 2/2
   887 | D:2      | Found a stormy altar of Qazlal.
   895 | D:2      | Reached ** piety under Trog
   927 | D:2      | Reached XP level 3. HP: 17/29 MP: 3/3
  1193 | D:2      | Found a blossoming altar of Fedhas.
  1397 | D:2      | Gained mutation: You have sharp fingernails. [demonic ancestry]
  1397 | D:2      | Reached XP level 4. HP: 31/37 MP: 4/4
  2004 | D:3      | Noticed Terence
  2013 | D:3      | Killed Terence
  2013 | D:3      | Gained mutation: You are partially covered in sharp spines. [demonic ancestry]
  2013 | D:3      | Reached XP level 5. HP: 42/42 MP: 5/5
  2023 | D:3      | Noticed Robin
  2042 | D:3      | Killed Robin
  2440 | D:3      | Found a glowing golden altar of the Shining One.
  2663 | D:4      | Noticed Pikel
  2663 | D:4      | Noticed a slave
  2663 | D:4      | Noticed a slave
  2663 | D:4      | Noticed a slave
  2663 | D:4      | Noticed a slave
  2671 | D:4      | Killed Pikel
  2671 | D:4      | Reached XP level 6. HP: 50/50 MP: 6/6
  2671 | D:4      | Reached XP level 7. HP: 55/55 MP: 7/7
  2674 | D:4      | Reached skill level 5 in Fighting
  2675 | D:4      | Reached *** piety under Trog
  2856 | D:4      | Found Sesamoot's Food Shop.
  3284 | D:4      | Noticed inc's ghost (amateur FeMo)
  3298 | D:4      | Killed inc's ghost
  3298 | D:4      | Reached skill level 5 in Long Blades
  3298 | D:4      | Reached skill level 5 in Armour
  3298 | D:4      | Reached XP level 8. HP: 62/62 MP: 8/8
  3449 | D:5      | Entered Level 5 of the Dungeon
  4303 | D:6      | Noticed a kobold demonologist
  4303 | D:6      | Noticed a cyclops
  4321 | D:6      | Noticed an orange demon
  4321 | D:6      | Killed a cyclops
  4321 | D:6      | Gained mutation: You have very sharp fingernails. [demonic ancestry]
  4321 | D:6      | Reached XP level 9. HP: 24/69 MP: 9/9
  4353 | D:6      | Noticed a sixfirhy
  4376 | D:6      | Slain by a sixfirhy

Skill      XL: |  1  2  3  4  5  6  7  8 |
---------------+-------------------------+-----
Dodging        | 2 3 4 |  4.5
Armour         | 2 4 5 6 |  6.6
Long Blades    | 3 4 5 6 |  6.2
Fighting       | 4 5 6 |  6.2
Stealth        | |  0.4

Action                   |  1- 3 |  4- 6 |  7- 9 || total
-------------------------+-------+-------+-------++-------
Melee: Falchion          |   142 |    86 |   150 ||   378
Invok: Berserk           |     1 |     4 |     5 ||    10
  Use: Scroll            |       |     1 |     6 ||     7
  Eat: Chunk             |     2 |     7 |     7 ||    16
       Ration            |       |       |     1 ||     1
Armor: Plate armour      |   129 |    81 |   108 ||   318
       Animal skin       |     2 |       |       ||     2
Dodge: Dodged            |    63 |    35 |    59 ||   157
       Rpst.: Falchion   |    18 |    11 |    17 ||    46
